 Dungeon Crawl Stone Soup version bcrawl-1.12-11-gb93c957c58 (webtiles) character file.

Game seed: 12444147912250582498

87 MisterOstroum the Poker (level 4, 0/36 HPs)
             Began as a Merfolk Skald on June 24, 2019.
             Slain by a leopard gecko (3 damage)
             ... on level 3 of the Dungeon.
             The game lasted 00:09:05 (2017 turns).

MisterOstroum the Poker (Merfolk Skald)             Turns: 2017, Time: 00:09:06

Health: 0/36       AC:  3    Str: 12    XL:     4   Next: 51%
Magic:  7/7        EV: 12    Int: 12    God:
Gold:   166        SH:  0    Dex: 13    Spells: 1/7 levels left

rFire    . . .     SeeInvis .   a - +0 spear
rCold    . . .     Gourm    .   (no shield)
rNeg     + . .     Faith    .   b - +0 leather armour
rPois    .         Spirit   .   (no helmet)
rElec    .         Reflect  .   (no cloak)
rCorr    .         Harm     .   (no gloves)
MR       .....                  (no boots)
Stlth    +.........             (no amulet)
HPRegen  0.12/turn              j - +3 ring of slaying
MPRegen  0.10/turn              g - ring of positive energy

@: singing (expiring), flying
A: change form in water, swift swim, stealthy swim
a: no special abilities


You were on level 3 of the Dungeon.
You were not hungry.

You visited 1 branch of the dungeon, and saw 3 of its levels.

You collected 166 gold pieces.

Inventory:

Hand Weapons
 a - a +0 spear (weapon)
Missiles
 p - 2 stones (quivered)
Armour
 b - a +0 leather armour (worn)
 k - a +0 robe
Jewellery
 g - a ring of positive energy (right hand)
 j - a +3 ring of slaying (left hand)
Scrolls
 c - 3 scrolls of identify {unknown}
 d - 2 scrolls of fear {!r}
 f - a scroll of remove curse {unknown}
 h - a scroll of amnesia {unknown}
 l - a scroll of blinking {unknown}
 m - a scroll of enchant weapon {unknown}
 n - a scroll of magic mapping {unknown}
Comestibles
 e - 4 rations {!d}
 i - a chunk of flesh


   Skills:
 * Level 3.6 Fighting
 * Level 4.8 Polearms
 - Level 0.6 Armour
 - Level 2.6 Dodging
 - Level 2.0 Spellcasting
 + Level 3.8 Charms


You had one spell level left.
You knew the following spells:

 Your Spells              Type           Power        Failure   Level  Hunger
a - Infusion              Chrm           ##......     7%          1    ##.....
b - Song of Slaying       Chrm           ##......     11%         2    ###....
c - Spectral Weapon       Hex/Chrm       #.......     43%         3    ####...

Your spell library contained the following spells:

 Spells                   Type           Power        Failure   Level  Hunger
 Ozocubu's Armour         Chrm/Ice       #.......     43%         3    ####...
 Regeneration             Chrm/Necr      #.........   43%         3    ####...


Dungeon Overview and Level Annotations

Branches:
Dungeon (3/12)

Altars:
Ashenzari


Message History

A rat comes into view.
A rat is nearby!
Attack whom?
Press: ? - help, Dir - move target cursor, f - rat
Aim: a rat You reach to attack!
You puncture the rat!
You kill the rat!
No target in view!
You butcher the rat corpse.
i - a chunk of flesh You see here a rat skeleton. x2
Done exploring.
Done exploring.
(D) Dungeon
Where to? (Enter - D:2, ? - help)
There is a stone staircase leading down here.
You climb downwards.
A leopard gecko, 2 kobolds and 5 orcs come into view.
The orc shouts! x3; The kobold shouts!
The orc shouts!
Found a fizzy blue potion, a ruby potion and a ration.
There is a stone staircase leading up here.
Casting: Infusion (safe; 8% risk of failure)
Confirm with . or Enter, or press ? or * to list all spells.
You start singing a song of slaying.
You hear an angry hiss.
A leopard gecko comes into view.
The leopard gecko barely misses you.
You hear a shout!
A phantom comes into view.
The phantom blinks!
The leopard gecko bites you.
The phantom moves out of view.
Found a stone staircase leading up.
The leopard gecko bites you.
Found a scroll labeled HEAPE UKHUCKI.
You barely miss the leopard gecko. The leopard gecko barely misses you.
Casting: Song of Slaying (safe; 11% risk of failure)
Confirm with . or Enter, or press ? or * to list all spells.
You draw out your weapon's spirit!
You hear an angry hiss.
The leopard gecko misses you.
You closely miss the leopard gecko.
Your spectral weapon hits the leopard gecko but does no damage.
The leopard gecko bites you.
You hit the leopard gecko.
You kill the leopard gecko!
The phantom hits your spectral weapon!
Your spectral weapon shares its damage with you!
A hobgoblin comes into view. It is wielding a +0 club.
You hit the kobold.
You kill the kobold!
A leopard gecko comes into view.
You puncture the kobold!
You kill the kobold!
The phantom hits you.
You puncture the orc!
You kill the orc!
The phantom hits you.
The hobgoblin barely misses your spectral weapon.
You hit the phantom.
The phantom is lightly damaged.
Your spectral weapon hits the phantom!
The orc hits you from afar with a +0 trident.
The phantom barely misses you.
The hobgoblin barely misses your spectral weapon.
Attack whom?
Press: ? - help, Dir - move target cursor, f - orc
Aim: an orc, wielding a +0 trident and wearing a +0 leather armour You reach to attack!
You puncture the orc!
You kill the orc!
The phantom hits you!
* * * LOW HITPOINT WARNING * * *
The hobgoblin misses your spectral weapon.
It was a potion of magic.
Magic courses through your body. The phantom hits you.
* * * LOW HITPOINT WARNING * * *
It was a potion of flight.
You feel very buoyant.
You fly up into the air.
The hobgoblin closely misses your spectral weapon.
The orc barely misses you.
The phantom blinks!
You closely miss the orc.
Your spectral weapon hits the orc from afar.
The hobgoblin hits your spectral weapon with a +0 club.
Your spectral weapon shares its damage with you!
* * * LOW HITPOINT WARNING * * *
The orc closely misses you.
You hit the orc.
You kill the orc!
Your song is almost over.
The hobgoblin barely misses your spectral weapon.
You hit the orc.
The orc is heavily wounded.
Your spectral weapon hits the orc from afar!
You kill the orc!
The hobgoblin barely misses your spectral weapon.
You puncture the leopard gecko!
You kill the leopard gecko!
You puncture the orc!
You kill the orc!
Your spectral weapon fades away.
The leopard gecko bites you.
You die...

...... .....
.#...# ..?.
.......## .<.
..........###..
.......%...#W.
...........#g#
........!..#.#
...........#@#
...........)l#
.............#
.......<.!...#
##.........#...#
#.............#
#.........##.^.#
#.........#
#....
#.........# #...


You could see a phantom, a leopard gecko and a hobgoblin.

Vanquished Creatures
  An ooze (D:1)
  4 worms (D:2)
  6 leopard geckos
  5 orcs (D:3)
  2 giant cockroaches (D:1)
  7 goblins
  3 hobgoblins
  4 jackals (D:1)
  14 kobolds
  A quokka (D:2)
  3 bats (D:1)
  4 frilled lizards
  2 rats
56 creatures vanquished.

Notes
Turn   | Place    | Note
-------+----------+-------------------------------------------
     0 | D:1      | MisterOstroum the Merfolk Skald began the quest for the
                  | Orb.
     0 | D:1      | Reached XP level 1. HP: 16/16 MP: 3/3
   154 | D:1      | Reached XP level 2. HP: 18/23 MP: 1/5
   234 | D:1      | Learned a level 2 spell: Song of Slaying
   589 | D:1      | Reached XP level 3. HP: 28/28 MP: 3/6
   615 | D:1      | Reached skill level 4 in Polearms
   757 | D:1      | Learned a level 3 spell: Spectral Weapon
  1558 | D:2      | Reached XP level 4. HP: 35/35 MP: 7/7
  1670 | D:2      | Found a shattered altar of Ashenzari.
  1998 | D:3      | Noticed a phantom
  2017 | D:3      | Slain by a leopard gecko

Skill      XL: |  1  2  3 |
---------------+----------+-----
Fighting       | 3 |  3.6
Polearms       | 4 |  4.8
Armour         | |  0.6
Dodging        | |  2.6
Spellcasting   | |  2.0
Charms         | |  3.8

Action                   |  1- 3 |  4- 6 || total
-------------------------+-------+-------++-------
Melee: Spear             |   121 |    32 ||   153
 Cast: Infusion          |    10 |     2 ||    12
       Song of Slaying   |     2 |     1 ||     3
       Spectral Weapon   |       |     1 ||     1
  Use: Potion            |       |     2 ||     2
  Eat: Chunk             |     3 |     1 ||     4
Armor: Leather armour    |    18 |     2 ||    20
Dodge: Dodged            |    40 |    17 ||    57
